 Dungeon Crawl Stone Soup version 0.20.1-1-g8b1a95d (webtiles) character file.

7 Mamutox the Caller (level 1, 0/7 HPs)
             Began as a Felid Summoner on Oct 24, 2017.
             Slain by a jackal (1 damage)
             ... on level 1 of the Dungeon on Oct 26, 2017.
             The game lasted 00:02:16 (357 turns).

Mamutox the Caller (Felid Summoner)                  Turns: 357, Time: 00:02:17

Health: 0/7        AC:  1    Str:  4    XL:     1   Next: 83%
Magic:  4/4        EV: 18    Int: 16    God:
Gold:   0          SH:  0    Dex: 16    Spells: 3/4 levels left
                                        Lives:  0   Deaths: 0

rFire    . . .     SeeInvis +   (weapon unavailable)
rCold    . . .     Gourm    .   (shield unavailable)
rNeg     . . .     Faith    .   (armour unavailable)
rPois    .         Spirit   .   (helmet unavailable)
rElec    .         Reflect  .   (cloak unavailable)
rCorr    .         Harm     .   (gloves unavailable)
MR       .....                  (boots unavailable)
Stlth    +++.......             (no amulet)
Regen    0.1/turn               (no ring)
MPRegen  0.1/turn               (no ring)

@: quick
A: no armour, no weapons or thrown items, stealth, claws 1, fangs 3, see
invisible, carnivore 3, speed 1, shaggy fur 1, slow metabolism 1, sharp paws
a: no special abilities


You were on level 1 of the Dungeon.
You were not hungry.

You visited 1 branch of the dungeon, and saw 1 of its levels.

Inventory:

Scrolls
 c - a scroll of identify {unknown}
Books
 a - a book of Callings

   Spells                             Type                      Level
   a - Summon Small Mammal            Summoning                    1
   b - Call Imp                       Summoning                    2
   c - Call Canine Familiar           Summoning                    3
   d - Summon Guardian Golem          Hexes/Summoning              3
   e - Summon Lightning Spire         Summoning/Air                4
   f - Summon Ice Beast               Ice/Summoning                4
Comestibles
 b - a meat ration


   Skills:
 + Level 2.8 Dodging
 + Level 2.8 Stealth
 + Level 0.2 Unarmed Combat
 + Level 2.0 Spellcasting
 + Level 4.2 Summonings


You had 3 spell levels left.
You knew the following spells:

 Your Spells              Type           Power        Failure   Level  Hunger
a - Summon Small Mammal   Summ           ###.         3%          1    #......


Dungeon Overview and Level Annotations

Branches:
Dungeon (1/15)

Altars:


Innate Abilities, Weirdness & Mutations

You cannot wear armour.
You are incapable of wielding weapons or throwing items.
Your paws allow you to move quietly. (Stealth)
You have sharp claws.
You have razor-sharp teeth.
You have supernaturally acute eyesight. (SInv)
You are carnivorous and can eat meat at any time.
You cover ground quickly.
You are covered in fur. (AC +1)
You have a slow metabolism.
Your sharp claws are effective at attacking unaware monsters.


Message History

The jackal misses you.
You closely miss the jackal.
The jackal is severely wounded.
The jackal completely misses you. The jackal closely misses you.
You closely miss the jackal.
The jackal is severely wounded.
The jackal barely misses you.
You scratch the jackal but do no damage.
You bite the jackal.
The jackal is almost dead.
The jackal bites you. x2
* * * LOW HITPOINT WARNING * * *
You closely miss the jackal.
The jackal is almost dead.
The jackal barks!
The jackal bites you but does no damage.
You scratch the jackal.
You kill the jackal!
You closely miss the jackal. The jackal bites you.
You die...

#######.####
#......# #.#.##.#
#...# # #..## #
#..###.# #..
#......#
.....#######.#####
......h@.....#
....).########
..... .... #.. ##


You could see a jackal.

Vanquished Creatures
  3 goblins (D:1)
  A jackal (D:1)
  2 rats (D:1)
6 creatures vanquished.

Notes
Turn   | Place    | Note
-------+----------+-------------------------------------------
     0 | D:1      | Mamutox the Felid Summoner began the quest for the Orb.
     0 | D:1      | Reached XP level 1. HP: 7/7 MP: 4/4
     8 | D:1      | Noticed a draconian
     8 | D:1      | Noticed a ghoul
    17 | D:1      | Noticed a dwarf
    17 | D:1      | Noticed an elf
    19 | D:1      | Noticed a troll
    21 | D:1      | Noticed a felid
    21 | D:1      | Noticed a vampire
    23 | D:1      | Noticed a minotaur
    23 | D:1      | Noticed a naga
    25 | D:1      | Noticed a tengu
    25 | D:1      | Noticed a gargoyle
    27 | D:1      | Noticed a vine stalker
    27 | D:1      | Noticed a demonspawn
    31 | D:1      | Noticed a halfling
    31 | D:1      | Noticed a human
    33 | D:1      | Noticed a spriggan
    33 | D:1      | Noticed a demigod
    35 | D:1      | Noticed a centaur
    35 | D:1      | Noticed a merfolk
    37 | D:1      | Noticed an octopode
    37 | D:1      | Noticed an ogre
    39 | D:1      | Noticed a formicid
   357 | D:1      | Slain by a jackal

Action                   || total
-------------------------++-------
Melee: Unarmed           ||    23
       Bite              ||     1
  Use: Potion            ||     1
 Stab: Sleeping          ||     2
Armor: Skin              ||     2
Dodge: Dodged            ||    16
